 Dungeon Crawl Stone Soup version 0.19.1 (webtiles) character file.

1656 Impy the Changer (level 8, -1/88 HPs)
             Began as a Pale Draconian Transmuter on Nov 29, 2016.
             Slain by a killer bee (6 damage)
             ... on level 7 of the Dungeon.
             The game lasted 00:20:24 (5897 turns).

Impy the Changer (Pale Draconian Transmuter)        Turns: 5897, Time: 00:20:24

Health: -1/88      AC: 24    Str:  9 (12) XL:     8   Next: 68%
Magic:  5/17       EV:  2    Int: 18 (19) God:
Gold:   344        SH:  0    Dex:  8 (11) Spells: 5 memorised, 7 levels left

rFire  . . .     SeeInvis .     i - +5 flail "Giantbane" {crush, +Fly rElec Int+2}
rCold  . . .     Gourm    .     (armour unavailable)
rNeg   + + +     Faith    .     (no shield)
rPois  +         Spirit   .     (helmet currently unavailable)
rElec  +         Reflect  .     (cloak currently unavailable)
rCorr  .         Harm     .     (gloves currently unavailable)
MR     .....     NoTele   +     (boots currently unavailable)
Stlth  +.........               (no amulet)
                                (no ring)
                                (no ring)

@: tree-form, very slightly contaminated
A: (breathe steam), unfitting armour, (cold-blooded), AC +6
a: no special abilities


You were on level 7 of the Dungeon.
You were very hungry.
You were a tree.
You visited 1 branch of the dungeon, and saw 7 of its levels.

You collected 344 gold pieces.

Inventory:

Hand Weapons
 i - the +5 flail "Giantbane" (weapon) {crush, +Fly rElec Int+2}
   (You found it on level 4 of the Dungeon)

   It inflicts extra damage upon your enemies.
   It affects your intelligence (+2).
   It insulates you from electricity.
   It lets you fly.
Missiles
 a - 97 arrows
Armour
 t - a +0 cloak (melded)
Jewellery
 s - a cursed -2 ring of protection {unknown}
Wands
 e - a wand of lightning (8/15)
 q - a wand of digging (13/24)
Scrolls
 f - 3 scrolls of fog
 g - 3 scrolls of identify
 l - a scroll of magic mapping
Potions
 d - a potion of flight
 j - 2 potions of degeneration
Books
 b - a book of Changes

   Spells                             Type                      Level
   a - Beastly Appendage              Transmutation                1
   b - Sticks to Snakes               Transmutation                2
   c - Spider Form                    Transmutation/Poison         3
   d - Ice Form                       Ice/Transmutation            4
   e - Blade Hands                    Transmutation                5
 n - a book of Air

   Spells                             Type                      Level
   a - Shock                          Conjuration/Air              1
   b - Swiftness                      Charms/Air                   2
   c - Repel Missiles                 Charms/Air                   2
   d - Static Discharge               Conjuration/Air              3
   e - Lightning Bolt                 Conjuration/Air              5
Comestibles
 c - 5 bread rations
 k - a meat ration
 r - a slice of pizza


   Skills:
 - Level 1.1 Fighting
 - Level 3.0 Dodging
 - Level 1.1 Stealth
 - Level 5.1 Unarmed Combat
 + Level 6.6 Spellcasting
 + Level 7.1 Transmutations


You had 7 spell levels left.
You knew the following spells:

 Your Spells              Type           Power        Failure   Level  Hunger
a - Beastly Appendage     Tmut           ####..       1%          1    None
b - Spider Form           Tmut/Pois      ###.......   10%         3    ##.....
c - Blade Hands           Tmut           ####......   21%         5    #####..
d - Repel Missiles        Chrm/Air       #.....       17%         2    None
e - Swiftness             Chrm/Air       #.......     17%         2    None


Dungeon Overview and Level Annotations

Branches:
Dungeon (7/15)             Temple (0/1) D:7

Altars:


Innate Abilities, Weirdness & Mutations

((You can breathe blasts of scalding, opaque steam.))
((Your pale cyan-grey scales are hard. (AC +6)))
You cannot fit into any form of body armour.
((You are cold-blooded and may be slowed by cold attacks.))


Message History

The killer bee stings you but does no damage.
The killer bee completely misses you.
The killer bee stings you but does no damage. x3
You miss the killer bee.
The killer bee stings you but does no damage.
The killer bee barely misses you.
The killer bee stings you but does no damage.
The killer bee completely misses you.
The killer bee stings you but does no damage.
The killer bee stings you.
* * * LOW HITPOINT WARNING * * *
The killer bee stings you but does no damage. x2
You closely miss the killer bee. The killer bee barely misses you.
The killer bee stings you but does no damage. x6
The killer bee barely misses you.
The killer bee stings you but does no damage.
You miss the killer bee.
The killer bee stings you but does no damage. x3
The killer bee stings you.
You die...

###.#####.####........#*****,,,,,
...y....................,,,,,,,,,
###...###..###.........##***,,,,,
###y####...#######.....,,,,,,,,
#..y####....###..##..#*,,,,,,
###.# ####.....##*#..,,,,,,,
#y#######.##### *****,,,,,
###y†......y## *,,,,,
####...#######y♣# **,,,,
##....#.#### ##y#### *,,,,,
#..####....## #....###### *,,,,,
..## ####..#######.##...# *,,,,,
#######..................# ******
..).....>.......######...#
#######.........# #####
#.........# ###########


You could see 3 killer bees.

Vanquished Creatures
  Sigmund (D:5)
  Duvessa (D:5)
  2 ogres
  A centaur (D:6)
  A phantom (D:5)
  3 bullfrogs (D:6)
  Dowan (D:5)
  A killer bee (D:7)
  2 scorpions
  A howler monkey (D:4)
  5 crimson imps
  3 hounds
  A jelly (D:6)
  An orc priest (D:3)
  An iguana (D:4)
  3 worker ants
  A hound skeleton (D:6)
  A worker ant zombie (D:6)
  3 gnolls (D:6)
  7 adders
  An ooze (D:4)
  3 worms
  A dart slug (D:4)
  4 leopard geckos
  13 orcs
  11 giant cockroaches
  6 goblins
  5 hobgoblins
  9 jackals
  6 kobolds
  2 quokkas (D:3)
  5 bats
  6 frilled lizards
  A leopard gecko zombie (D:5)
  8 rats
121 creatures vanquished.

Notes
Turn   | Place    | Note
-------+----------+-------------------------------------------
     0 | D:1      | Impy the Draconian Transmuter began the quest for the Orb.
     0 | D:1      | Reached XP level 1. HP: 16/16 MP: 3/3
   113 | D:1      | Reached XP level 2. HP: 21/23 MP: 5/5
   849 | D:2      | Reached XP level 3. HP: 25/28 MP: 6/6
  1722 | D:2      | Reached XP level 4. HP: 30/35 MP: 7/7
  1727 | D:2      | Learned a level 3 spell: Spider Form
  2961 | D:3      | Reached skill level 5 in Unarmed Combat
  3038 | D:3      | Reached XP level 5. HP: 40/40 MP: 8/8
  3169 | D:4      | Reached skill level 1 in Stealth
  3503 | D:4      | Got a dazzling flail
  3505 | D:4      | Identified the +5 flail "Giantbane" {crush, +Fly rElec Int+2} (You found it on level 4 of the Dungeon)
  3682 | D:4      | Reached XP level 6. HP: 44/47 MP: 8/10
  3697 | D:4      | Reached skill level 3 in Transmutations
  3871 | D:5      | Entered Level 5 of the Dungeon
  4005 | D:5      | Noticed Sigmund
  4017 | D:5      | Killed Sigmund
  4017 | D:5      | Reached skill level 4 in Transmutations
  4017 | D:5      | Your scales start taking on a pale cyan-grey colour.
  4017 | D:5      | Reached XP level 7. HP: 40/52 MP: 9/12
  4098 | D:5      | Noticed Dowan
  4099 | D:5      | Noticed Duvessa
  4167 | D:5      | Killed Duvessa
  4248 | D:5      | Reached skill level 5 in Transmutations
  4326 | D:5      | Killed Dowan
  4567 | D:5      | Reached skill level 5 in Spellcasting
  4691 | D:6      | Reached XP level 8. HP: 59/59 MP: 15/15
  4804 | D:6      | Reached skill level 6 in Transmutations
  4811 | D:6      | Learned a level 5 spell: Blade Hands
  5789 | D:7      | Reached skill level 7 in Transmutations
  5816 | D:7      | Learned a level 2 spell: Repel Missiles
  5819 | D:7      | Learned a level 2 spell: Swiftness
  5895 | D:7      | HP: 4/88 [killer bee (3)]
  5897 | D:7      | Slain by a killer bee

Skill      XL: |  1  2  3  4  5  6  7  8 |
---------------+-------------------------+-----
Dodging        | 2 3 |  3.0
Unarmed Combat | 4 5 |  5.1
Stealth        | 1 |  1.1
Spellcasting   | 3 5 6 |  6.6
Transmutations | 4 5 7 |  7.1
Fighting       | |  1.1

Action                   |  1- 3 |  4- 6 |  7- 9 || total
-------------------------+-------+-------+-------++-------
Melee: Unarmed           |   164 |   171 |    24 ||   359
       Tailslap          |    20 |    10 |     6 ||    36
       Punch             |     2 |     1 |     1 ||     4
       Kick              |       |     5 |       ||     5
       Flail             |       |    72 |   109 ||   181
 Cast: Beastly Appendage |       |     1 |     1 ||     2
       Spider Form       |       |     2 |     3 ||     5
       Blade Hands       |       |       |     1 ||     1
  Use: Potion            |     1 |     1 |     5 ||     7
       Scroll            |       |     5 |     2 ||     7
 Stab: Sleeping          |     1 |     1 |       ||     2
  Eat: Chunk             |     3 |     8 |     6 ||    17
Armor: Skin              |    69 |    55 |    70 ||   194
Dodge: Dodged            |   119 |   164 |   110 ||   393
